 Dungeon Crawl Stone Soup version 0.20.1-1-g8b1a95d (webtiles) character file.

1523 miragecloak the Basher (level 9, -11/64 HPs)
             Began as a Formicid Abyssal Knight on July 3, 2017.
             Was a Priest of Lugonu.
             Shot with an arrow by a centaur warrior (16 damage)
             ... on level 6 of the Dungeon.
             The game lasted 00:17:46 (9213 turns).

miragecloak the Basher (Formicid Abyssal Knight)    Turns: 9213, Time: 00:17:47

Health: -11/64     AC:  6    Str: 16    XL:     9   Next: 10%
Magic:  10/10      EV: 11    Int: 12    God:    Lugonu [***...]
Gold:   236        SH:  5    Dex: 13    Spells: 8/8 levels left

rFire    . . .     SeeInvis +   D - +0 morningstar
rCold    . . .     Gourm    .   v - +0 buckler
rNeg     . . .     Faith    .   y - +0 leather armour (curse)
rPois    .         Spirit   .   (helmet unavailable)
rElec    .         Reflect  .   (no cloak)
rCorr    .         Harm     .   C - +0 pair of gloves
MR       .....                  (no boots)
Stlth    ++........             (no amulet)
Regen    0.2/turn               f - ring of stealth
MPRegen  0.2/turn               m - +3 ring of intelligence

@: drained
A: permanent stasis, dig shafts and tunnels, four strong arms, antennae 3,
hooves 1, icy blue scales 1, dopey 1, weak 1
a: Dig, Shaft Self, Depart the Abyss, Bend Space, Banish, Renounce Religion


You were on level 6 of the Dungeon.
You worshipped Lugonu.
Lugonu was most pleased with you.
You were not hungry.

You visited 1 branch of the dungeon, and saw 7 of its levels.
You visited the Abyss 1 time.

You collected 236 gold pieces.

Inventory:

Hand Weapons
 a - a +1 mace
 D - a +0 morningstar (weapon)
Armour
 v - a +0 buckler (worn)
 y - a cursed +0 leather armour (worn)
 C - a +0 pair of gloves (worn)
Jewellery
 f - a ring of stealth (left hand)
 m - a +3 ring of intelligence (right hand)
Wands
 o - a wand of lightning (9/15)
 q - a wand of polymorph (12/24)
 x - a wand of digging (20/24)
Scrolls
 b - a scroll of amnesia {unknown}
 e - 3 scrolls of enchant armour {unknown}
 h - 2 scrolls of remove curse {unknown}
 i - 5 scrolls of teleportation {unknown}
 j - a scroll of immolation {unknown}
 k - a scroll of blinking {unknown}
 s - a scroll of enchant weapon {unknown}
 t - 6 scrolls of identify {unknown}
 w - a scroll of fear {unknown}
 B - a scroll of magic mapping {unknown}
Potions
 d - 4 potions of heal wounds {unknown}
 l - a potion of flight {unknown}
 n - 2 potions of lignification {unknown}
 r - 3 potions of curing
 z - a potion of mutation {unknown}
Books
 u - a book of Flames

   Spells                             Type                      Level
   a - Flame Tongue                   Conjuration/Fire             1
   b - Throw Flame                    Conjuration/Fire             2
   c - Conjure Flame                  Conjuration/Fire             3
   d - Inner Flame                    Hexes/Fire                   3
   e - Sticky Flame                   Conjuration/Fire             4
   f - Fireball                       Conjuration/Fire             5
Comestibles
 c - 3 bread rations
 g - 2 royal jellies
 p - 2 meat rations
 A - 26 fruits


   Skills:
 - Level 3.2(2.4) Fighting
 - Level 10.1(9.0) Maces & Flails
 - Level 2.1(1.3) Armour
 - Level 0.8(0.0) Dodging
 + Level 4.7(3.8) Shields
 - Level 2.1(1.3) Invocations


You had 8 spell levels left.
You didn't know any spells.

Dungeon Overview and Level Annotations

Branches:
Dungeon (7/15)             Temple (0/1) D:4

Altars:
Fedhas
Gozag
Makhleb
Sif Muna
Xom
The Shining One

Annotations:
D:4 Robin, Sigmund


Innate Abilities, Weirdness & Mutations

You cannot be hasted, slowed, berserked, paralysed or teleported.
You can dig through walls and to a lower floor.
Your four strong arms can wield two-handed weapons with a shield.
You have a pair of large antennae on your head. (SInv)
You have large cloven feet.
You are partially covered in icy blue scales. (AC +2)
You are dopey. (Int -2)
You are weak. (Str -2)


Message History

The centaur warrior wields a shortbow.
The centaur warrior shoots an arrow.
The arrow hits you!
There is an open door here.
You see here an arrow.
There's something blocking the doorway.
The worker ant twitches its antennae in your direction.
The orc warrior shouts!
The orc warrior throws a tomahawk.
The tomahawk barely misses you.
There is a fountain of clear blue water here.
The adder hisses angrily.
The centaur warrior shoots an arrow.
The arrow hits you!
The centaur warrior shoots an arrow.
The arrow hits you!
There is an open door, spattered with blood here.
You see here 2 arrows.
The centaur warrior shoots an arrow.
The arrow hits you!!
* * * LOW HITPOINT WARNING * * *
There is a stone staircase leading down, spattered with blood here.
You see here an arrow.
The centaur warrior shoots an arrow.
The arrow hits you!
You die...

..#....'....#....{{...#.#
..#....#....#.⌠.{#....#.#
..#....#....#..{.#....#.#
..#8...#....#(...#...c#.#
.##########'#(#########.#
.## #.....Sc..#......# ..#
#....#....#.######
#'######....#....#.#
.......#>...#...@#.#
.......###########.######
..........................
........##.###############
........##.# ........##.#
###........# #.....####
#.....#


You could see a centaur warrior and an adder.

Vanquished Creatures
  Grinder (D:2)
  2 sky beasts (D:5)
  The ghost of Ragecrab the Shield-Bearer, an amateur DDFi (D:3)
  2 ogres
  A phantom (D:4)
  2 scorpions
  A crimson imp (D:5)
  A centaur zombie (D:6)
  4 hounds
  5 orc wizards
  An orc priest (D:3)
  Terence (D:3)
  2 worker ants
  A hound skeleton (D:4)
  9 adders
  A howler monkey skeleton (D:6)
  An ooze (D:2)
  An adder skeleton (D:4)
  2 worms
  2 dart slugs
  4 leopard geckos
  21 orcs
  6 ball pythons
  10 bats
  4 giant cockroaches
  22 goblins
  11 hobgoblins
  A jackal (D:5)
  9 kobolds
  2 quokkas
  2 frilled lizards
  A jackal skeleton (D:4)
  A leopard gecko skeleton (D:6)
  9 rats
144 creatures vanquished.

Notes
Turn   | Place    | Note
-------+----------+-------------------------------------------
     0 | Abyss:1  | miragecloak the Formicid Abyssal Knight began the quest for the Orb.
     0 | Abyss:1  | Reached XP level 1. HP: 18/18 MP: 2/2
    55 | Abyss:1  | Found a corrupted altar of Lugonu.
    60 | Abyss:1  | Noticed a large abomination
    60 | D:1      | Escaped the Abyss
   263 | D:1      | Reached XP level 2. HP: 21/24 MP: 3/3
   268 | D:1      | Reached * piety under Lugonu
   330 | D:1      | Reached skill level 3 in Maces & Flails
   518 | D:1      | Reached XP level 3. HP: 13/29 MP: 4/4
  1068 | D:2      | Found an opulent altar of Gozag.
  1251 | D:2      | Reached XP level 4. HP: 29/35 MP: 5/5
  1275 | D:2      | Reached skill level 4 in Maces & Flails
  1862 | D:2      | Found a deep blue altar of Sif Muna.
  2006 | D:2      | Reached ** piety under Lugonu
  2024 | D:2      | Found a shimmering altar of Xom.
  2305 | D:3      | Reached XP level 5. HP: 39/41 MP: 6/6
  2408 | D:3      | Reached skill level 5 in Maces & Flails
  2766 | D:3      | Found a blossoming altar of Fedhas.
  3118 | D:3      | Noticed Ragecrab's ghost (amateur DDFi)
  3532 | D:3      | Noticed Terence
  3538 | D:3      | Killed Terence
  3538 | D:3      | Reached XP level 6. HP: 47/47 MP: 7/7
  3634 | D:3      | Noticed Grinder
  3691 | D:4      | Noticed a phantom
  3694 | D:4      | Found a staircase to the Ecumenical Temple.
  3811 | D:4      | Noticed Sigmund
  3811 | D:4      | Noticed an ogre
  3878 | D:3      | Reached skill level 6 in Maces & Flails
  4561 | D:3      | You fall through a shaft for 3 floors!
  4585 | D:5      | Entered Level 5 of the Dungeon
  4606 | D:5      | Noticed a sky beast
  4624 | D:5      | Killed a sky beast
  4624 | D:5      | Reached XP level 7. HP: 18/52 MP: 8/8
  4839 | D:5      | Reached skill level 7 in Maces & Flails
  4850 | D:5      | Gained mutation: You are weak. (Str -2) [mutagenic meat]
  4851 | D:5      | Gained mutation: You are dopey. (Int -2) [mutagenic meat]
  4852 | D:5      | Gained mutation: You have large cloven feet. [mutagenic meat]
  4853 | D:5      | Gained mutation: You are partially covered in icy blue scales. (AC +2) [mutagenic meat]
  5358 | D:4      | Noticed Robin
  5384 | D:5      | Found a burning altar of Makhleb.
  5517 | D:5      | Reached skill level 8 in Maces & Flails
  5965 | D:5      | Reached *** piety under Lugonu
  5965 | D:5      | Reached XP level 8. HP: 49/58 MP: 9/9
  6692 | D:2      | Killed Grinder
  6692 | D:2      | Reached skill level 9 in Maces & Flails
  7369 | D:3      | Killed Ragecrab's ghost
  7867 | D:3      | Found a glowing golden altar of the Shining One.
  7936 | D:4      | Reached skill level 10 in Maces & Flails
  8119 | D:4      | Reached skill level 1 in Shields
  8347 | D:4      | Reached XP level 9. HP: 43/64 MP: 10/10
  8354 | D:4      | You fall through a shaft for 2 floors!
  9203 | D:6      | Noticed a centaur warrior
  9213 | D:6      | Shot with an arrow by a centaur warrior

Skill      XL: |  1  2  3  4  5  6  7  8  9 |
---------------+----------------------------+-----
Maces & Flails | 3 4 5 6 8 10 | 10.1
Shields        | 3 4 |  4.7
Fighting       | |  3.2
Armour         | |  2.1
Dodging        | |  0.8
Invocations    | |  2.1

Action                   |  1- 3 |  4- 6 |  7- 9 || total
-------------------------+-------+-------+-------++-------
Melee: Mace              |    87 |   143 |   100 ||   330
       Unarmed           |       |     2 |       ||     2
       Flail             |       |    35 |   136 ||   171
       Kick              |       |       |    70 ||    70
       Morningstar       |       |       |    57 ||    57
Invok: Depart the Abyss  |     1 |       |       ||     1
 Abil: Dig               |       |     1 |     3 ||     4
       Shaft Self        |       |     1 |     1 ||     2
 Stab: Sleeping          |     2 |     3 |     4 ||     9
       Distracted        |       |       |     1 ||     1
  Eat: Chunk             |     1 |     7 |    15 ||    23
       Bread ration      |       |     1 |     1 ||     2
Armor: Leather armour    |    42 |    61 |    73 ||   176
Dodge: Dodged            |    84 |   118 |   156 ||   358
Block: Buckler           |       |       |    20 ||    20
